 Dungeon Crawl Stone Soup version 0.17.2 (webtiles) character file.

100 Charly the Insei (level 4, -1/21 HPs)
             Began as a Vine Stalker Transmuter on May 6, 2016.
             Was an Initiate of Cheibriados.
             Slain by a giant frog (6 damage)
             ... on level 6 of the Dungeon.
             The game lasted 00:07:00 (443 turns).

Charly the Insei (Vine Stalker Transmuter)           Turns: 443, Time: 00:07:00

Health: -1/21      AC:  2    Str: 13    XL:     4   Next: 73%
Magic:  0/8        EV: 19    Int: 15    God:    Cheibriados [......]
Gold:   51         SH:  0    Dex: 21    Spells: 3 memorised, 1 level left

rFire  . . .     SeeInvis .       - Unarmed
rCold  . . .     Clarity  .     (armour currently unavailable)
rNeg   . . .     SustAt   .     (shield currently unavailable)
rPois  x         Gourm    .     (helmet currently unavailable)
rElec  .         Spirit   +     (cloak currently unavailable)
rCorr  .         Warding  .     (gloves currently unavailable)
rMut   .         Rnd*Tele +     (boots currently unavailable)
MR     .....                    (no amulet)
Stlth  ++........               (no ring)
                                e - ring of teleportation (curse)

@: spider-form, slow, not resistant to hostile enchantments, unstealthy
A: (fangs 0), regeneration 1, magic shield, (antimagic bite), no device heal 3,
rot immunity
a: End Transformation, Bend Time, Renounce Religion, Evoke Teleportation


You were on level 6 of the Dungeon.
You worshipped Cheibriados.
Cheibriados was noncommittal.
You were not hungry.
You were a venomous arachnid creature.
You visited 2 branches of the dungeon, and saw 7 of its levels.

You collected 51 gold pieces.

Inventory:

Missiles
 a - 8 arrows
Armour
 b - a +0 robe (melded)
Jewellery
 e - a cursed ring of teleportation (left front leg)
Wands
 n - a wand of disintegration (2)
Scrolls
 f - a scroll of magic mapping {unknown}
 h - a scroll of fog {unknown}
 j - a scroll of remove curse {unknown}
 m - a scroll of teleportation {unknown}
Potions
 g - a potion of flight {unknown}
 i - a potion of lignification {unknown}
 k - a potion of curing {unknown}
 l - a potion of invisibility {unknown}
Books
 c - a book of Changes

   Spells                             Type                      Level
   a - Beastly Appendage              Transmutation                1
   b - Sticks to Snakes               Transmutation                2
   c - Spider Form                    Transmutation/Poison         3
   d - Ice Form                       Ice/Transmutation            4
   e - Blade Hands                    Transmutation                5
Comestibles
 d - a bread ration


   Skills:
 - Level 0.8 Fighting
 - Level 1.5 Dodging
 + Level 4.6 Unarmed Combat
 - Level 2.2 Spellcasting
 - Level 3.1 Transmutations


You had one spell level left.
You knew the following spells:

 Your Spells              Type           Power        Failure   Level  Hunger
a - Beastly Appendage     Trmt           ##....       21%         1    #......
s - Sticks to Snakes      Trmt           ##........   28%         2    ###....
S - Spider Form           Trmt/Pois      #.........   56%         3    ###....


Dungeon Overview and Level Annotations

Branches:
Dungeon (6/15)             Temple (1/1) D:5

Altars:
Ashenzari
Cheibriados
Dithmenos
Elyvilon
Fedhas
Gozag
Kikubaaqudgha
Makhleb
Nemelex Xobeh
Okawaru
Qazlal
Ru
Sif Muna
Trog
Vehumet
Xom
Zin
The Shining One


Innate Abilities, Weirdness & Mutations

((You have extremely sharp teeth.))
Your natural rate of healing is unusually fast.
When hurt, damage is shared between your health and your magic reserves.
((Your bite disrupts and absorbs the magic of your enemies.))
Potions and wands cannot restore your health.
You are immune to rotting.


Message History

The orc hits the plant with a flail.
Drop what? 14/52 slots (_ for help) (? for menu, Esc to quit)
Okay, then.
There is a stone staircase leading down here.
You climb downwards.
A giant newt and 2 giant frogs come into view.
The giant frog gives a loud, deep croak!
Found 20 stones.
There is a stone staircase leading up here.
Casting: Spider Form
Confirm with . or Enter, or press ? or * to list all spells.
You turn into a venomous arachnid creature.
Your +0 robe melds into your body.
The giant frog hits you.
You barely miss the giant frog. The giant frog hits you!
The giant frog hits you!
* * * LOW HITPOINT WARNING * * *
You hit the giant frog.
The giant frog is moderately wounded.
The giant frog hits you!
You die...

..........
(........#
.........##
......Fl..
#........#
.........#
.........#
.......s.#
........F#
.........#
#.......##
##.....##
######


You could see 2 giant frogs and a giant newt.

Vanquished Creatures
  An iguana (D:5)
  A worker ant (D:4)
  2 adders
  An adder skeleton (D:4)
  2 bats (D:2)
  A giant cockroach (D:2)
  3 goblins
  A ball python (D:2)
  A rat (D:3)
13 creatures vanquished.

Vanquished Creatures (collateral kills)
  A worker ant zombie (D:5)
1 creature vanquished.

Grand Total: 14 creatures vanquished

Notes
Turn   | Place    | Note
--------------------------------------------------------------
     0 | D:1      | Charly the Vine Stalker Transmuter began the quest for the Orb.
     0 | D:1      | Reached XP level 1. HP: 9/9 MP: 4/4
     0 | D:1      | jacquesderrida: Dayne!...
     4 | D:1      | jacquesderrida: HEH
    71 | D:2      | Reached XP level 2. HP: 9/14 MP: 3/6
    75 | D:2      | Learned a level 2 spell: Sticks to Snakes
   220 | D:4      | Reached XP level 3. HP: 17/17 MP: 7/7
   225 | D:4      | Learned a level 3 spell: Spider Form
   227 | D:5      | Entered Level 5 of the Dungeon
   295 | D:5      | Reached skill level 4 in Unarmed Combat
   295 | D:5      | Reached XP level 4. HP: 19/21 MP: 3/8
   355 | D:5      | Found a staircase to the Ecumenical Temple.
   361 | Temple   | Entered the Ecumenical Temple
   388 | Temple   | BLOAX: HEY WONDER WHAT GOD'S IN THE RIGHT CORNER
   389 | Temple   | BLOAX: :^))))))))))
   414 | Temple   | BLOAX: wow!!!
   414 | Temple   | Charly: only lackign Yerd
   416 | Temple   | Became a worshipper of Cheibriados the Contemplative
   440 | D:6      | Noticed a giant frog
   440 | D:6      | Noticed a giant frog
   441 | D:6      | Charly: ouch
   443 | D:6      | Slain by a giant frog

Action                   |  1- 3 |  4- 6 || total
-------------------------+-------+-------++-------
Melee: Unarmed           |    33 |    13 ||    46
 Cast: Beastly Appendage |     1 |       ||     1
       Sticks to Snakes  |     4 |       ||     4
       Spider Form       |     1 |     2 ||     3
Evoke: Wand              |     2 |     1 ||     3
 Stab: Sleeping          |     2 |       ||     2
